 Dungeon Crawl Stone Soup version 0.27-a0-1378-gdefffd1ff6 (webtiles) character file.

Game seed: 1550862119008805726

6374 HoaS the Cruncher (level 10, -2/53 HPs)
             Began as a Gargoyle Gladiator on June 29, 2021.
             Was a High Priest of Okawaru.
             Splashed by Erica's acid (11 damage)
             ... on level 8 of the Dungeon.
             The game lasted 00:19:48 (8310 turns).

HoaS the Cruncher (Gargoyle Gladiator)              Turns: 8310, Time: 00:19:48

Health: -2/53      AC: 26    Str: 21    XL:     10   Next: 97%
Magic:  10/12      EV: 14    Int:  9    God:    Okawaru [*****.]
Gold:   444        SH:  5    Dex: 11    Spells: 9/9 levels left

rFire    . . .     SeeInvis .   w - +2 quarterstaff (protect)
rCold    . . .     Faith    .   (shield currently unavailable)
rNeg     + . .     Spirit   .   c - +0 chain mail
rPois    ∞         Reflect  +   s - +2 helmet
rElec    +         Harm     .   l - +2 cloak {Will+}
rCorr    .         Rampage  .   (no gloves)
Will     +....                  (no boots)
Stlth    ..........             p - amulet of reflection
HPRegen  0.17/turn              v - +4 ring of evasion
MPRegen  0.13/turn              (no ring)

@: heroic, corroded, under a protective aura
A: sickness immunity, AC +7, negative energy resistance 1, electricity
resistance, torment resistance 1, petrification resistance
a: Renounce Religion, Heroism, Finesse


You were on level 8 of the Dungeon.
You worshipped Okawaru.
Okawaru was extremely pleased with you.
You visited 1 branch of the dungeon, and saw 8 of its levels.

You collected 444 gold pieces.

Inventory:

Hand Weapons
 q - a +1 shortbow
 w - a +2 quarterstaff of protection (weapon)
Missiles
 a - 23 boomerangs (quivered)
 n - 62 arrows
 o - 10 poisoned darts
 t - 3 curare-tipped darts
Armour
 c - a +0 chain mail (worn)
 l - a +2 cloak of willpower (worn)
 s - a +2 helmet (worn)
Jewellery
 p - an amulet of reflection (around neck)
 v - a +4 ring of evasion (left hand)
Wands
 j - a wand of polymorph (12)
 x - a wand of flame (17)
Scrolls
 b - 6 scrolls of teleportation
 u - a scroll of fog
Potions
 d - a potion of lignification {unknown}
 e - a potion of brilliance {unknown}
 f - a potion of magic {unknown}
 g - 7 potions of curing
 h - 3 potions of heal wounds
 i - 2 potions of flight
 k - a potion of berserk rage {unknown}
 m - 3 potions of mutation
 r - a potion of degeneration {unknown}


   Skills:
 - Level 2.1(7.1) Fighting
 - Level 14.0(19.0) Staves
 + Level 7.1(12.1) Bows
 - Level 1.7(6.7) Throwing
 - Level 2.4(7.4) Dodging
 - Level 3.0 Invocations


You had 9 spell levels left.
You didn't know any spells.
Your spell library was empty.

Dungeon Overview and Level Annotations

Branches:
Dungeon (8/15)             Temple (0/1) D:7            Lair (0/6) D:8

Altars:
Fedhas
Gozag
Hepliaklqana
Okawaru
Trog
Xom
Zin
Beogh

Shops:
D:2 !

Annotations:
D:7 2 transporters
D:8 Erica


Innate Abilities, Weirdness & Mutations

You are immune to sickness and miasma.
Your stone body is resilient. (AC +7)
You are immune to poison.
You resist negative energy. (rN+)
You are resistant to electric shocks. (rElec)
You are resistant to unholy torment.
You are immune to petrification.


Message History

The necrophage hits you but does no damage.
You sock the necrophage!
You destroy the necrophage!
Okawaru accepts your kill.
No target in view!
As you read the scroll of identify, it crumbles to dust.
m - 3 potions of mutation You see here a +0 leather armour.
You now have 411 gold pieces (gained 10).
k - a purple potion HP restored.
You now have 432 gold pieces (gained 21).
You now have 444 gold pieces (gained 12).
Items here: )) ††††††.
Erica the Fiery-Tempered comes into view.
She is wielding a +0 scimitar of flaming and carrying a wand of acid (6).
Erica shouts!
Erica gestures wildly while chanting.
Erica flickers and vanishes!
Deactivating autopickup; reactivate with Ctrl-A.
You sock something!
Your weapon exudes an aura of protection.
You hear a zap.
A bolt of acid appears from out of thin air!
The bolt of acid misses you.
You sock something! You miss something. Something hits you but does no damage.
You hit something. Something hits you. Something burns you.
You miss something. You miss something.
You hear a zap.
A bolt of acid appears from out of thin air!
The bolt of acid hits you! The acid corrodes you!
You are splashed with acid!!
You hit something but do no damage.
You gain the combat prowess of a mighty hero.
You hear a zap.
A bolt of acid appears from out of thin air!
The bolt of acid hits you!
* * * LOW HITPOINT WARNING * * *
You are splashed with acid!
You die...

#.... #.... #...#
#...# #..# #..#
#####..# #......#
#.####@#######.
#.# #.{....... #.#
#######.## #.# #.#
#.# ## #.# ...
####)##########.#.
#<......##........


There were no monsters in sight!

Vanquished Creatures
  2 two-headed ogres
  4 wyverns (D:7)
  5 yaks
  2 steam dragons
  7 water moccasins
  2 orc warriors (D:6)
  2 black bears
  4 necrophages
  3 ogres
  A centaur (D:4)
  2 phantoms
  3 bullfrogs
  A water moccasin zombie (D:6)
  3 scorpions
  5 killer bees
  2 howler monkeys
  4 bullfrog zombies (D:6)
  3 centaur zombies
  2 centaur skeletons
  2 hounds
  An orc priest (D:6)
  5 iguanas
  5 orc wizards
  Robin (D:2)
  7 gnolls
  8 adders
  2 shadow imps
  A white imp (D:6)
  3 adder skeletons
  4 worms
  3 dart slugs
  29 orcs
  3 bats
  7 endoplasms
  A giant cockroach (D:3)
  11 goblins
  10 hobgoblins
  10 jackals
  9 kobolds
  2 quokkas
  10 ball pythons
  7 frilled lizards
  4 rats
202 creatures vanquished.

Vanquished Creatures (others)
  5 bushes (D:6)
  2 fungi (D:8)
  20 plants
27 creatures vanquished.

Grand Total: 229 creatures vanquished

Notes
Turn   | Place    | Note
-------+----------+-------------------------------------------
     0 | D:1      | HoaS the Gargoyle Gladiator began the quest for the Orb.
     0 | D:1      | Reached XP level 1. HP: 12/12 MP: 1/1
   159 | D:1      | Reached XP level 2. HP: 17/17 MP: 2/2
   286 | D:1      | Reached skill level 4 in Staves
   421 | D:1      | Reached XP level 3. HP: 17/21 MP: 3/3
  1184 | D:2      | Found Ceff's Distillery.
  1235 | D:2      | Noticed Robin
  1448 | D:1      | Reached XP level 4. HP: 23/26 MP: 4/4
  1499 | D:2      | Killed Robin
  1811 | D:2      | Reached skill level 5 in Staves
  1911 | D:2      | Found a bloodstained altar of Trog.
  2128 | D:3      | Upgraded the game from 0.27-a0-1359-ga2a4dfd6fd to
                  | 0.27-a0-1378-gdefffd1ff6
  2385 | D:3      | Reached XP level 5. HP: 21/30 MP: 5/5
  2473 | D:3      | Identified a scroll of acquirement
  2473 | D:3      | Acquired a +2 cloak of willpower
  2566 | D:3      | Found a faded altar of an unknown god.
  3035 | D:4      | Reached skill level 6 in Staves
  3121 | D:4      | Found an opulent altar of Gozag.
  3518 | D:4      | Reached XP level 6. HP: 35/35 MP: 6/6
  3565 | D:4      | Reached skill level 7 in Staves
  4041 | D:4      | Found a glowing silver altar of Zin.
  4042 | D:4      | Found an iron altar of Okawaru.
  4044 | D:4      | Found a hazy altar of Hepliaklqana.
  4127 | D:4      | Found a shimmering altar of Xom.
  4230 | D:4      | Reached XP level 7. HP: 40/40 MP: 7/7
  4383 | D:4      | Became a worshipper of Warmaster Okawaru
  4408 | D:5      | Entered Level 5 of the Dungeon
  4408 | D:5      | Noticed a steam dragon
  4416 | D:4      | Reached skill level 8 in Staves
  4609 | D:4      | Reached skill level 1 in Invocations
  4622 | D:4      | Reached skill level 1 in Bows
  4648 | D:4      | Killed a steam dragon
  4648 | D:4      | Reached * piety under Okawaru
  4773 | D:5      | Reached XP level 8. HP: 43/44 MP: 9/9
  4784 | D:5      | Reached skill level 9 in Staves
  4941 | D:5      | Noticed a two-headed ogre
  4972 | D:5      | Killed a two-headed ogre
  4972 | D:5      | Reached ** piety under Okawaru
  4973 | D:5      | Reached skill level 11 in Staves
  4973 | D:5      | Reached XP level 9. HP: 47/48 MP: 11/11
  5797 | D:6      | Found a blossoming altar of Fedhas.
  6055 | D:6      | Found a runed translucent door.
  6540 | D:6      | Reached skill level 12 in Staves
  6911 | D:6      | Reached *** piety under Okawaru
  7294 | D:6      | Reached skill level 13 in Staves
  7309 | D:7      | Found a transporter.
  7317 | D:7      | Found a staircase to the Ecumenical Temple.
  7325 | D:7      | Found a transporter.
  7373 | D:7      | Reached XP level 10. HP: 53/53 MP: 12/12
  7824 | D:7      | Reached **** piety under Okawaru
  7869 | D:8      | Found a staircase to the Lair.
  7958 | D:7      | Reached skill level 14 in Staves
  8128 | D:8      | Noticed a two-headed ogre
  8149 | D:8      | Killed a two-headed ogre
  8150 | D:8      | Reached skill level 5 in Bows
  8163 | D:8      | Reached ***** piety under Okawaru
  8295 | D:8      | Noticed Erica
  8310 | D:8      | Splashed by Erica's acid

Illustrated notes

Levels and vault maps discovered:
D:1:      roderic_octagonal_star, layout_rooms, due_unseen_surprise
D:2:      layout_rooms, serial_shops, shop, basic_altar, uniq_robin
D:3:      layout_loops_corners, basic_ecumenical_altar
D:4:      layout_basic, tgw_xom, lemuel_doored_altar, minitemple
D:5:      layout_rooms
D:6:      layout_loops_ring, fedhas_altar_decomposition, lightli_church_of_beogh
D:7:      gammafunk_steamed_eel, layout_rooms, minmay_temple_entry_butterflies
D:8:      layout_loops_ring, nemelex_xobeh_ov_fountains_minmay,
          chequers_temple_overflow_minitemple, minmay_lair_entry_grove,
          uniq_grum, uniq_erica, uniq_prince_ribbit1

Skill      XL: |  1  2  3  4  5  6  7  8  9 10 |
---------------+-------------------------------+-----
Staves         | 4 5 6 7 8 11 13 14 | 14.0
Invocations    | 2 3 |  3.0
Bows           | 2 7 |  7.1
Fighting       | |  2.1
Throwing       | |  1.7
Dodging        | |  2.4

Action                   |  1- 3 |  4- 6 |  7- 9 | 10-12 || total
-------------------------+-------+-------+-------+-------++-------
Melee: Quarterstaff      |   115 |   188 |   364 |   178 ||   845
Throw: Throwing net      |       |     5 |     3 |       ||     8
       Dart              |       |       |     4 |       ||     4
Invok: Heroism           |       |       |     1 |     3 ||     4
  Use: Scroll            |       |     9 |     7 |     5 ||    21
 Stab: Held in net/web   |       |     2 |     4 |       ||     6
Armor: Leather armour    |    47 |    23 |       |       ||    70
       Chain mail        |       |    90 |   223 |    54 ||   367
       Skin              |       |     6 |       |       ||     6
Dodge: Dodged            |    81 |    71 |   138 |    65 ||   355
Block: Other             |       |       |    75 |    36 ||   111
       Reflection        |       |       |     2 |       ||     2

Table legend: (Time is in decaauts)
 A = Elapsed time spent in this place.
 B = Non-inter-level travel time spent in this place.
 C = Inter-level travel time spent in this place.
 D = Time resting spent in this place.
 E = Time spent auto-exploring this place.
 F = Levels seen in this place.
 G = Mean time per level.
                   A        B        C        D        E       F      G
               +--------+--------+--------+--------+--------+-----+--------+
         Total |   8164 |   7798 |    366 |   2319 |   3880 |   8 | 1020.5 |
       Dungeon |   8164 |   7798 |    366 |   2319 |   3880 |   8 | 1020.5 |
               +--------+--------+--------+--------+--------+-----+--------+

Top non-repeatable levels by time:
     D:6: 2041 daAuts
     D:4: 1644 daAuts
     D:1: 1309 daAuts
     D:3: 975 daAuts
     D:7: 758 daAuts
     D:2: 735 daAuts
     D:5: 515 daAuts
     D:8: 182 daAuts
